 Dungeon Crawl Stone Soup version 0.20.2-3-g29329e0561 (webtiles) character file.

67 Alfie the Covered (level 3, -5/33 HPs)
             Began as a Minotaur Fighter on Sept 25, 2020.
             Slain by Sigmund
             ... wielding a +0 scythe
              (7 damage)
             ... on level 2 of the Dungeon.
             The game lasted 00:03:32 (1050 turns).

Alfie the Covered (Minotaur Fighter)                Turns: 1050, Time: 00:03:33

Health: -5/33      AC:  7    Str: 26    XL:     3   Next: 98%
Magic:  2/2        EV:  7    Int:  5    God:
Gold:   99         SH: 10    Dex:  9    Spells: 2/2 levels left

rFire    . . .     SeeInvis .   a - +0 long sword
rCold    . . .     Gourm    .   c - +0 shield
rNeg     . . .     Faith    .   b - +0 scale mail
rPois    .         Spirit   .   (helmet restricted)
rElec    .         Reflect  .   (no cloak)
rCorr    .         Harm     .   (no gloves)
MR       .....                  (no boots)
Stlth    +.........             (no amulet)
Regen    0.2/turn               l - ring of stealth
MPRegen  0.1/turn               (no ring)

@: mighty
A: retaliatory headbutt, horns 2
a: no special abilities


You were on level 2 of the Dungeon.
You were not hungry.

You visited 1 branch of the dungeon, and saw 2 of its levels.

You collected 99 gold pieces.

Inventory:

Hand Weapons
 a - a +0 long sword (weapon)
Armour
 b - a +0 scale mail (worn)
 c - a +0 shield (worn)
Jewellery
 l - a ring of stealth (left hand)
 q - an uncursed ring of ice
Wands
 p - a wand of digging (16/24)
Scrolls
 e - a scroll of teleportation
 h - a scroll of identify
 j - a scroll of fear {unknown}
 o - a scroll of enchant armour {unknown}
Potions
 g - a potion of heal wounds {unknown}
 i - a potion of curing
 k - a potion of ambrosia {unknown}
 m - a potion of mutation {unknown}
 n - a potion of degeneration {unknown}
 r - a potion of invisibility {unknown}
Comestibles
 f - a bread ration


   Skills:
 + Level 4.1 Fighting
 + Level 3.2 Long Blades
 + Level 4.5 Armour
 + Level 0.1 Stealth
 + Level 4.2 Shields


You had 2 spell levels left.
You didn't know any spells.

Dungeon Overview and Level Annotations

Branches:
Dungeon (2/15)

Altars:
Hepliaklqana

Annotations:
D:2 Sigmund


Innate Abilities, Weirdness & Mutations

You reflexively headbutt those who attack you in melee.
You have a pair of horns on your head.


Message History

You're too confused to move!
Something hits you but does no damage.
You barely miss something.
You hear some strange, mumbled words.
A magic dart appears from out of thin air!
The magic dart hits you!
* * * LOW HITPOINT WARNING * * *
It was a potion of curing.
You feel better. Something hits you.
You feel very mighty all of a sudden.
You closely miss something. Your headbutt misses something.
Something hits you but does no damage.
You barely miss something. You headbutt something! Something hits you!
* * * LOW HITPOINT WARNING * * *
You hit something. Something hits you but does no damage.
Your shield prevents you from hitting something.
You hear some strange, mumbled words.
A magic dart appears from out of thin air!
The magic dart hits you!
* * * LOW HITPOINT WARNING * * *
You miss something. Something hits you!
You die...

...........######
................##
...#######.......#
#### #.......#
#######.......#
#.............# #
#.#####.......# #.
###.# #######.#
#####.## #.#.# #@#
........ ##.#.#
#{# #####.#.
...#.# #.. #...
##.#.# #### ###.
#...# #. #.### #.
#.# .. ### .#.
....


There were no monsters in sight!

Vanquished Creatures
  An adder (D:2)
  5 oozes
  2 worms (D:2)
  2 leopard geckos
  2 giant cockroaches (D:1)
  3 goblins (D:1)
  2 hobgoblins (D:1)
  3 kobolds
  2 ball pythons
  4 bats
  A frilled lizard (D:1)
  2 rats
29 creatures vanquished.

Notes
Turn   | Place    | Note
-------+----------+-------------------------------------------
     0 | D:1      | Alfie the Minotaur Fighter began the quest for the Orb.
     0 | D:1      | Reached XP level 1. HP: 19/19 MP: 0/0
   154 | D:1      | Reached XP level 2. HP: 25/27 MP: 1/1
   722 | D:2      | Reached XP level 3. HP: 17/33 MP: 2/2
   784 | D:2      | Found a hazy altar of Hepliaklqana.
  1023 | D:2      | Noticed Sigmund
  1050 | D:2      | Slain by Sigmund

Skill      XL: |  1  2  3 |
---------------+----------+-----
Shields        | 4 |  4.2
Armour         | 4 |  4.5
Fighting       | 4 |  4.1
Long Blades    | 3 |  3.2
Stealth        | |  0.1

Action                   || total
-------------------------++-------
Melee: Long sword        ||    89
       Headbutt          ||    16
  Use: Scroll            ||     4
       Potion            ||     2
  Eat: Bread ration      ||     1
Armor: Scale mail        ||    41
Dodge: Dodged            ||    36
Block: Shield            ||    48
       Rpst.: Long sword ||     7
